 Dungeon Crawl Stone Soup version 0.18.1-5-g4a78601 (webtiles) character file.

352 Chemotherapy the Firebug (level 6, -2/41 HPs)
             Began as a Mummy Fire Elementalist on May 14, 2016.
             Killed from afar by an orc wizard (8 damage)
             ... with a magic dart
             ... on level 5 of the Dungeon.
             The game lasted 00:14:17 (4764 turns).

Chemotherapy the Firebug (Mummy Fire Elementalist)  Turns: 4764, Time: 00:14:18

Health: -2/41      AC:  9    Str: 11    XL:     6   Next: 34%
Magic:  6/11       EV: 12    Int: 21    God:
Gold:   236        SH:  0    Dex: 13    Spells: 3 memorised, 4 levels left

rFire  x . .     SeeInvis +     l - +2 trident (protect)
rCold  + . .     Gourm    .     a - +0 robe
rNeg   + + +     Faith    .     (no shield)
rPois  ∞         Spirit   .     (no helmet)
rElec  .         Dismiss  .     (no cloak)
rCorr  .         Reflect  .     c - +1 pair of gloves
SustAt .         Harm     .     (no boots)
MR     .....                    (no amulet)
Stlth  ++........               f - ring of see invisible {sInv, !d}
                                m - +5 ring of intelligence

@: very slightly contaminated, not resistant to hostile enchantments, unstealthy
A: no food or potions, fire vulnerability, cold resistance 1, negative energy
resistance 3, torment resistance, unbreathing
a: no special abilities


You were on level 5 of the Dungeon.
You were not hungry.

You visited 1 branch of the dungeon, and saw 5 of its levels.

You collected 236 gold pieces.

Inventory:

Hand Weapons
 d - a +0 mace
   (You found it on level 1 of the Dungeon)
 l - a +2 trident of protection (weapon)
   (You took it off an orc on level 4 of the Dungeon)
Missiles
 j - 13 tomahawks (quivered)
Armour
 a - a +0 robe (worn)
 c - a +1 pair of gloves (worn)
   (You found it on level 1 of the Dungeon)
 g - a +0 helmet
   (You found it on level 4 of the Dungeon)
Jewellery
 f - a ring of see invisible (right hand) {sInv, !d}
   (You found it on level 3 of the Dungeon)
 h - an uncursed ring of resist corrosion
   (You found it on level 3 of the Dungeon)
 m - a +5 ring of intelligence (left hand)
   (You found it on level 2 of the Dungeon)
Wands
 k - a wand of acid (0/15)
   (You found it on level 4 of the Dungeon)
Scrolls
 e - a scroll of remove curse
Books
 b - a book of Flames


   Skills:
 - Level 1.5 Dodging
 - Level 1.5 Stealth
 + Level 3.6 Spellcasting
 * Level 3.1 Conjurations
 * Level 4.1 Fire Magic


You had 4 spell levels left.
You knew the following spells:

 Your Spells              Type           Power        Failure   Level  Hunger
a - Flame Tongue          Conj/Fire      ###..        2%          1    N/A
c - Conjure Flame         Conj/Fire      ###.....     10%         3    N/A
s - Sticky Flame          Conj/Fire      ###.....     28%         4    N/A

Dungeon Overview and Level Annotations

Branches:
Dungeon (5/15)
 Temple: D:4-7

Altars:
Dithmenos
Makhleb

Shops:
D:5 %

Annotations:
D:1 1 runed door
D:4 Menkaure; Pikel; Xavori's ghost, amateur OgCK
D:5 Prince Ribbit


Innate Abilities, Weirdness & Mutations

You do not eat or drink.
Your flesh is vulnerable to fire.
You are immune to poison.
Your flesh is cold resistant.
You are immune to negative energy.
You are immune to unholy pain and torment.
You can survive without breathing.


Message History

You hit the orc priest.
You kill the orc priest!
Your Conjurations skill increases to level 3!
Things that are here:
a flail; a scale mail; an orc corpse You start resting.
Your magical contamination has completely faded away.
You regained 5 hp, and now have 35/41 hp.
MP restored: 11
Found a stone staircase leading down.
You regained 4 hp, and now have 39/41 hp.
An orc wizard comes into view. It is wielding a dagger.
An orc wizard is nearby!
Found a stone staircase leading up.
Prince Ribbit comes into view.
Really walk into a travel-excluded area?
The orc wizard shouts!
Prince Ribbit croaks.
You hear a shout!
Prince Ribbit blinks!
You barely miss the orc wizard.
Prince Ribbit blinks!
The orc wizard barely misses you.
An orc comes into view. It is wielding a club.
You hit the orc wizard but do no damage.
The orc wizard hits you but does no damage.
The orc moves out of view.
You puncture the orc wizard! The orc wizard barely misses you.
You miss the orc wizard. The orc hits you with a club.
The orc wizard hits you but does no damage.
Prince Ribbit blinks!
You take 1 damage, and have 39/41 hp.
You closely miss the orc wizard. The orc hits you but does no damage.
The orc wizard closely misses you.
Prince Ribbit blinks!
An orc wizard comes into view. It is wielding a dagger.
You closely miss the orc wizard.
The orc wizard hits you but does no damage.
The orc wizard hits you with a dagger.
The orc wizard hits you but does no damage.
You take 1 damage, and have 38/41 hp.
You closely miss the orc wizard. The orc wizard misses you.
The orc wizard hits you but does no damage.
You puncture the orc wizard! The orc wizard closely misses you.
The orc wizard barely misses you.
Prince Ribbit sighs, "It's not easy being green!"
Aim: Prince Ribbit You miscast Sticky Flame.
You are very lightly contaminated with residual magic.
Wisps of smoke drift from your hands. Prince Ribbit hits you!
The orc wizard hits you but does no damage.
The orc wizard points at you and mumbles some strange words.
The puff of flame hits you! The fire burns you terribly!
Prince Ribbit barely misses you.
You take 22 damage, and have 16/41 hp.
MASSIVE DAMAGE!!
You now have 7/11 mp.
Aim: Prince Ribbit You miscast Sticky Flame.
Wisps of smoke drift from your hands.
The orc wizard hits you but does no damage. x2
Prince Ribbit blinks!
You now have 3/11 mp.
You puncture the orc wizard!
You kill the orc wizard!
The orc hits you but does no damage. The orc wizard barely misses you.
Prince Ribbit blinks!
The orc wizard hits you but does no damage.
You hit the orc. The orc barely misses you.
The orc wizard casts a spell.
The orc wizard seems to speed up.
You barely miss the orc. You hit the orc wizard.
The orc wizard gestures at you while chanting.
The magic dart hits you!
* * * LOW HITPOINT WARNING * * *
The orc wizard hits you but does no damage.
You take 10 damage, and have 8/41 hp.
MASSIVE DAMAGE!!
You hit the orc.
You kill the orc!
The orc wizard hits you but does no damage.
The orc wizard closely misses you. The orc wizard casts a spell at you.
The magic dart hits you!
* * * LOW HITPOINT WARNING * * *
You take 2 damage, and have 6/41 hp.
The orc wizard hits you but does no damage.
Prince Ribbit blinks!
You completely miss the orc wizard. The orc wizard casts a spell at you.
The magic dart hits you!
* * * LOW HITPOINT WARNING * * *
The orc wizard mumbles some strange words.
The orc wizard blinks!
You take 1 damage, and have 5/41 hp.
The orc wizard gestures at you while chanting.
The magic dart hits you!
You can't drink.
Read which item? (? for menu, Esc to quit)
Okay, then.
The orc wizard points at you and mumbles some strange words.
The magic dart hits you!
You die...

#........#.....####.#
#..>.....#...(.##∩'.#
'........#......#####
#...........)......#
#.######...#.......# #
#...#.......#
#####.......#
#.##########.......##
#....@....o.........##
#.........F...........
...[##########...###..##
... #...###..# #
#........# #.######.#
#.# #.# #.# #.# #.# #.#


You could see Prince Ribbit and an orc wizard.

Vanquished Creatures
  A slave (D:3)
  A scorpion (D:4)
  An orc wizard (D:5)
  An orc priest (D:5)
  An iron imp (D:4)
  A worker ant (D:4)
  9 adders
  2 oozes
  A giant gecko (D:1)
  12 orcs
  6 bats
  6 giant cockroaches
  9 goblins
  8 hobgoblins
  4 jackals (D:1)
  5 quokkas
  3 ball pythons
  6 giant newts
  9 kobolds
  6 rats
92 creatures vanquished.

Notes
Turn   | Place    | Note
--------------------------------------------------------------
     0 | D:1      | Chemotherapy the Mummy Fire Elementalist began the quest for the Orb.
     0 | D:1      | Reached XP level 1. HP: 13/13 MP: 3/3
     1 | D:1      | Found a runed door.
    77 | D:1      | Reached skill level 1 in Conjurations
   484 | D:1      | Reached XP level 2. HP: 19/19 MP: 1/5
  1203 | D:2      | Reached XP level 3. HP: 24/24 MP: 4/6
  1213 | D:2      | HP: 4/24 [adder (5)]
  1216 | D:2      | HP: 1/24 [adder (2)]
  1547 | D:2      | Reached skill level 3 in Fire Magic
  1596 | D:2      | Found a shadowy altar of Dithmenos.
  1977 | D:2      | Reached XP level 4. HP: 30/30 MP: 4/8
  1982 | D:2      | Learned a level 3 spell: Conjure Flame
  1987 | D:2      | Learned a level 4 spell: Sticky Flame
  2316 | D:3      | You fall through a shaft for 2 floors!
  2316 | D:5      | Entered Level 5 of the Dungeon
  2316 | D:5      | Noticed an ogre
  2426 | D:4      | Noticed a slave
  2431 | D:4      | Noticed Pikel
  2434 | D:4      | Noticed Xavori's ghost (amateur OgCK)
  2437 | D:4      | Noticed a slave
  2438 | D:4      | Noticed a slave
  2438 | D:4      | Noticed a slave
  2604 | D:3      | Reached skill level 2 in Conjurations
  2677 | D:3      | Reached skill level 3 in Spellcasting
  2925 | D:3      | Reached XP level 5. HP: 16/35 MP: 0/9
  3650 | D:3      | Killed a slave
  4131 | D:4      | Noticed Menkaure
  4360 | D:4      | Found a burning altar of Makhleb.
  4381 | D:4      | Reached skill level 4 in Fire Magic
  4381 | D:4      | Reached XP level 6. HP: 35/41 MP: 11/11
  4588 | D:5      | Found Umideph's Food Shoppe.
  4656 | D:5      | Reached skill level 3 in Conjurations
  4728 | D:5      | Noticed Prince Ribbit
  4752 | D:5      | HP: 8/41 [orc wizard/magic dart (10)]
  4759 | D:5      | HP: 5/41 [orc wizard/magic dart (1)]
  4764 | D:5      | Killed from afar by an orc wizard

Skill      XL: |  1  2  3  4  5  6 |
---------------+-------------------+-----
Conjurations   | 1 2 3 |  3.1
Fire Magic     | 3 4 |  4.1
Spellcasting   | 3 |  3.6
Dodging        | |  1.5
Stealth        | |  1.5

Action                   |  1- 3 |  4- 6 || total
-------------------------+-------+-------++-------
Melee: Mace              |    14 |    54 ||    68
       Trident           |       |    48 ||    48
 Cast: Flame Tongue      |    60 |    75 ||   135
       Conjure Flame     |       |     1 ||     1
       Sticky Flame      |       |     5 ||     5
Evoke: Wand              |       |     1 ||     1
  Use: Scroll            |       |    10 ||    10
 Stab: Sleeping          |     1 |     1 ||     2
Armor: Robe              |     8 |    39 ||    47
Dodge: Dodged            |    34 |   112 ||   146

Vault maps used:
D:1:      dpeg_arrival_caged_fury
D:2:      grunt_dithmenos_smoke_and_mirrors
D:3:      first_bread
D:4:      amethyst_overflow_temple_binary, demons_altar,
          kennysheep_generic_room_9, uniq_pikel, uniq_menkaure
D:5:      nicolae_overflow_crystal_walls, serial_shops, kennysheep_mini, shop,
          nicolae_shop_behind_doors, nicolae_shop_trees, shop_fountains,
          gup_sewer_entry_pipe, uniq_prince_ribbit1, uniq_sigmund

Table legend:
 A = Turns spent in this place as a percentage of turns spent in the entire game.
 B = Non-inter-level travel turns spent in this place as a percentage of non-inter-level travel turns spent in the entire game.
 C = Inter-level travel turns spent in this place as a percentage of turns spent in this place.
 D = Turns resting spent in this place as a percentage of non-inter-level travel turns spent in this place.
 E = Turns spent auto-exploring this place as a percentage of non-inter-level travel turns spent in this place.
 F = Non-inter-level travel turns spent in this place divided by the number of levels of this place that you've seen.
                   A       B       C       D       E      F
               +-------+-------+-------+-------+-------+----------------------
         Total | 100.0 | 100.0 |   0.3 |   4.8 |   8.7 | 208.8
       Dungeon | 100.0 | 100.0 |   0.3 |   4.8 |   8.7 | 208.8
               +-------+-------+-------+-------+-------+----------------------

Table legend:
 A = Kills in this place as a percentage of kills in entire the game.
 B = Kills by you in this place as a percentage of kills by you in the entire game.
 C = Kills by friends in this place as a percentage of kills by friends in the entire game.
 D = Other kills in this place as a percentage of other kills in the entire game.
 E = Experience gained in this place as a percentage of experience gained in the entire game.
 F = Experience gained in this place divided by the number of levels of this place that you have seen.
                   A       B       C       D       E      F
               +-------+-------+-------+-------+-------+----------------------
         Total | 100.0 | 100.0 |  -nan |  -nan | 100.0 | 100.6
       Dungeon | 100.0 | 100.0 |  -nan |  -nan | 100.0 | 100.6
               +-------+-------+-------+-------+-------+----------------------
